 Dungeon Crawl Stone Soup version 0.27-a0-1137-g3ef0f4ec91 (webtiles) character file.

Game seed: 1401411389746933081

168 night the Slasher (level 5, -7/40 HPs)
             Began as a Djinni Gladiator on May 6, 2021.
             Mangled by an ogre
             ... wielding a +0 giant club
              (30 damage)
             ... on level 4 of the Dungeon.
             The game lasted 00:05:55 (3480 turns).

night the Slasher (Djinni Gladiator)                Turns: 3480, Time: 00:05:55

Health: -7/40      AC:  5    Str: 13    XL:     5   Next: 49%
Gold:   115        EV: 13    Int: 11    God:
                   SH:  0    Dex: 14

rFire    + + .     SeeInvis .   a - +0 long sword
rCold    x . .     Faith    .   (no shield)
rNeg     . . .     Spirit   .   g - +2 robe {Archmagi}
rPois    ∞         Reflect  .   c - +0 helmet
rElec    .         Harm     .   r - scarf {+Inv}
rCorr    .         Rampage  .   (no gloves)
Will     .....                  (boots unavailable)
Stlth    +.........             (no amulet)
HPRegen  0.13/turn              (no ring)
MPRegen  0.00/turn              (no ring)

@: flying
A: sickness immunity, fire resistance 2, cold vulnerability 1, float, innate
caster, hp casting, extra vitality 1
a: Evoke Invisibility


You were on level 4 of the Dungeon.
You visited 1 branch of the dungeon, and saw 4 of its levels.

You collected 115 gold pieces.

Inventory:

Hand Weapons
 a - a +0 long sword (weapon)
Missiles
 d - 3 throwing nets (quivered)
 l - 21 stones
 n - 40 arrows
 o - 15 poisoned darts
 p - 44 sling bullets
Armour
 b - a +0 leather armour
 c - a +0 helmet (worn)
 g - a +2 robe of the Archmagi (worn)
 r - a scarf of invisibility (worn)
Magical Staves
 h - a staff of death
Scrolls
 k - 3 scrolls of identify
 m - a scroll of enchant armour {unknown}
 s - a scroll of brand weapon {unknown}
Potions
 e - a potion of lignification {unknown}
 f - a potion of attraction {unknown}
 i - a potion of invisibility {unknown}
 j - 2 potions of curing {unknown}
 q - a potion of ambrosia {unknown}


   Skills:
 + Level 3.2 Fighting
 + Level 3.5 Long Blades
 - Level 1.5 Throwing
 - Level 3.2 Dodging
 * Level 2.8 Spellcasting


You had 6 spell levels left.
You knew the following spells:

 Your Spells              Type           Power      Damage    Failure   Level
a - Animate Skeleton      Necr           22%        N/A       9%          1
b - Slow                  Hex            11%        N/A       13%         2
Your spell library was empty.

Dungeon Overview and Level Annotations

Branches:
Dungeon (4/15)
 Temple: D:4-7

Altars:
Ashenzari


Innate Abilities, Weirdness & Mutations

You are immune to sickness and miasma.
You are immune to poison.
Your flesh is very heat resistant. (rF++)
You are vulnerable to cold. (rC-)
You float through the air rather than walking.
You learn spells naturally, not from books.
Your magical power is your life essence.
You have superior vitality. (+4 HP)


Message History

There is an open door here.
There is a stone staircase leading up here.
You see here a ball python skeleton.
A ball python comes into view.
The ball python hisses angrily.
You hit the ball python.
The ball python is severely wounded.
The ball python bites you but does no damage.
The ball python barely misses you.
You completely miss the ball python.
The ball python is severely wounded.
The ball python bites you but does no damage.
The ball python misses you. The ball python closely misses you.
You riposte.
You hit the ball python.
You kill the ball python!
No target in view!
No target in view!
No target in view!
No target in view!
No target in view!
No target in view!
No target in view!
No target in view!
You see here a +0 whip.
Things that are here:
a +0 flail; a +0 club; a +0 spear Partly explored, can't reach some places.
Partly explored, can't reach some places.
(D) Dungeon
Where to? (? - help)
What level of the Dungeon? (default 1, ? - help)
There is a stone staircase leading up here.
There is a stone staircase leading down here.
You fly downwards.
The ogre hits you with a +0 giant club! The hound skeleton barely misses you.
The hound skeleton misses you.
You riposte.
You hit the hound skeleton but do no damage.
The ogre hits you with a +0 giant club!!
Ouch! That really hurt!
You die...

.........#
#...$.......#
#...........#
#...........#
#...........#
#.....(.....#
#..(.....OZ.#
#.........@.#
#.........##
###.......#
#......##
#....#.#
#..[..##
#.....#
#......#
#.......#


You could see an ogre and a hound skeleton.

Vanquished Creatures
  A centaur skeleton (D:2)
  4 gnolls (D:3)
  6 adders
  A dart slug (D:3)
  An orc (D:3)
  7 endoplasms
  A giant cockroach (D:2)
  2 goblins (D:2)
  3 hobgoblins
  3 kobolds
  A quokka (D:1)
  6 ball pythons
  3 bats (D:1)
  6 frilled lizards
  4 rats
  A bush (D:3)
50 creatures vanquished.

Vanquished Creatures (others)
  3 plants (D:3)
  A withered plant (D:3)
4 creatures vanquished.

Grand Total: 54 creatures vanquished

Notes
Turn   | Place    | Note
-------+----------+-------------------------------------------
     0 | D:1      | night the Djinni Gladiator began the quest for the Orb.
     0 | D:1      | Reached XP level 1. HP: 18/18 MP: 0/0
   364 | D:1      | Reached XP level 2. HP: 23/23 MP: 0/0
   446 | D:1      | Reached skill level 1 in Spellcasting
  1109 | D:2      | Identified a scroll of acquirement
  1110 | D:2      | Acquired a +2 robe of the Archmagi
  1122 | D:2      | You are sucked into a shaft and drop 2 floors!
  1125 | D:4      | Noticed an ogre
  1147 | D:2      | Reached XP level 3. HP: 29/29 MP: 0/0
  1147 | D:2      | Learned a level 1 spell: Animate Skeleton
  1178 | D:2      | Reached XP level 4. HP: 25/34 MP: 0/0
  1249 | D:2      | Reached skill level 2 in Spellcasting
  1370 | D:2      | Found a broken altar of Ashenzari.
  2252 | D:3      | Reached XP level 5. HP: 39/40 MP: 0/0
  2252 | D:3      | Learned a level 2 spell: Slow
  3040 | D:3      | Found a faded altar of an unknown god.
  3480 | D:4      | Mangled by an ogre

Illustrated notes

Levels and vault maps discovered:
D:1:      dpeg_arrival_tiny_f, layout_basic, hex_medium
D:2:      layout_loops_ring, basic_altar
D:3:      layout_loops_ring, shapermc_ecumenical_altar_flowoftime,
          serial_forest, infiniplex_forest_clump_large,
          infiniplex_forest_lined_corner, infiniplex_forest_straight_5,
          infiniplex_forest_zigzag_1, infiniplex_forest_clump_long,
          infiniplex_forest_clump_double, infiniplex_forest_end_double
D:4:      layout_cave_pods, minmay_temple_entry_butterflies, uniq_edmund

Skill      XL: |  1  2  3  4 |
---------------+-------------+-----
Spellcasting   | 1 2 |  2.8
Long Blades    | 3 |  3.5
Fighting       | 3 |  3.2
Throwing       | |  1.5
Dodging        | |  3.2

Action                   |  1- 3 |  4- 6 || total
-------------------------+-------+-------++-------
Melee: Long sword        |    56 |   251 ||   307
 Cast: Slow              |       |     2 ||     2
       Animate Skeleton  |       |     1 ||     1
  Use: Scroll            |     2 |     2 ||     4
 Stab: Sleeping          |     1 |     3 ||     4
Armor: Leather armour    |    18 |       ||    18
       Robe              |     7 |    32 ||    39
Dodge: Dodged            |    38 |    78 ||   116
       Rpst.: Long sword |     7 |    24 ||    31

Table legend: (Time is in decaauts)
 A = Elapsed time spent in this place.
 B = Non-inter-level travel time spent in this place.
 C = Inter-level travel time spent in this place.
 D = Time resting spent in this place.
 E = Time spent auto-exploring this place.
 F = Levels seen in this place.
 G = Mean time per level.
                   A        B        C        D        E       F      G
               +--------+--------+--------+--------+--------+-----+--------+
         Total |   3552 |   3432 |    120 |    329 |   2449 |   4 |  888.0 |
       Dungeon |   3552 |   3432 |    120 |    329 |   2449 |   4 |  888.0 |
               +--------+--------+--------+--------+--------+-----+--------+

Top non-repeatable levels by time:
     D:3: 1416 daAuts
     D:2: 1159 daAuts
     D:1: 967 daAuts
     D:4: 8 daAuts
